AoeStats
← Comend x comend

African Clearing

506988190Analyzed
3v3 RM · 16d ago on Sep 16, 2026· 72m 46s· 6 players
Game mode
Random Map
Map size
Normal (6 player)
Population
200
Speed
Normal
Resources
Standard
Victory
Conquest
Starting age
Dark Age
Ending age
Imperial Age
RankedLock teamsTeams togetherTeam positionsShared explorationLock speedFull tech treeHidden civsTurbo modeCheats
Victory
Defeat
🇨🇱 Japanese · Chile
1428
+15
🇨🇱 Jurchens · Chile
1409
+16
🇨🇱 Mapuche · Chile
1409
+16
🇨🇱 Italians · Chile
1498
-19
🇵🇪 Inca · Peru
1390
-15
🇺🇸 Berbers · United States
1332
-13
Merkaria
5:59 Loom
13:21 Feudal Age
14:28 Double-Bit Axe
18:30 Castle Age
17:16 Gold Mining
18:49 Bloodlines
19:09 Scale Barding Armor
21:01 Town Watch
24:23 Bow Saw
25:35 Padded Archer Armor
25:38 Horse Collar
26:38 Fletching
26:47 Elite Skirmisher
29:57 Stone Mining
31:06 Wheelbarrow
35:09 Gold Shaft Mining
36:19 Hand Cart
41:21 Imperial Age
39:27 Chain Barding Armor
40:48 Siege Engineers
41:52 Fortified Bastions
42:22 Conscription
43:08 Stone Shaft Mining
43:20 Husbandry
43:24 Bodkin Arrow
44:34 Chemistry
43:55 Ballistics
45:08 Bracer
45:25 Murder Holes
46:45 Thunderclap Bombs
48:19 Fortified Bastions
49:02 Leather Archer Armor
51:23 Guilds
55:13 Ring Archer Armor
58:11 Hoardings
61:53 Two-Man Saw
61:01 Elite Steppe Lancer
62:28 Plate Barding Armor
62:03 Forging
66:41 Light Cavalry
68:34 Hussar
EseTipo
4:28 Loom
13:41 Feudal Age
17:31 Castle Age
15:40 Double-Bit Axe
16:13 Fletching
17:38 Bloodlines
19:06 Bow Saw
20:18 Padded Archer Armor
24:36 Bodkin Arrow
28:22 Husbandry
29:18 Leather Archer Armor
30:36 Ballistics
32:51 Horse Collar
34:27 Thumb Ring
42:39 Imperial Age
40:16 Stone Mining
40:17 Gold Mining
41:09 Light Cavalry
43:59 Parthian Tactics
43:46 Bracer
45:29 Chemistry
45:43 Conscription
45:57 Conscription
46:21 Heavy Cavalry Archer
47:29 Elite Skirmisher
50:10 Ring Archer Armor
50:56 Kataparuto
53:11 Scale Mail Armor
53:22 Forging
54:30 Chain Mail Armor
53:51 Pikeman
54:32 Squires
55:23 Halberdier
57:39 Plate Mail Armor
57:44 Iron Casting
62:37 Wheelbarrow
63:14 Gold Shaft Mining
RuNico
4:58 Loom
13:53 Feudal Age
17:44 Castle Age
15:35 Double-Bit Axe
19:05 Bow Saw
20:52 Fletching
25:37 Horse Collar
26:21 Bodkin Arrow
28:00 Padded Archer Armor
28:17 Town Watch
33:13 Town Watch
36:04 Ballistics
40:16 Heavy Plow
42:55 Leather Archer Armor
43:22 Gold Mining
46:19 Wheelbarrow
45:42 Elite Skirmisher
46:38 Stone Mining
50:48 Imperial Age
49:57 Hand Cart
52:36 Chemistry
53:52 Elite Bolas Rider
63:14 Conscription
66:07 Ring Archer Armor
65:45 Malon
71:08 Butalmapu
71:16 Forging
71:46 Elite Kona
73:02 Iron Casting
peterzjx
6:58 Loom
12:45 Feudal Age
17:58 Castle Age
21:24 Fletching
24:27 Bodkin Arrow
27:21 Padded Archer Armor
27:46 Thumb Ring
29:31 Town Watch
31:47 Leather Archer Armor
32:25 Husbandry
32:35 Bloodlines
33:04 Double-Bit Axe
38:03 Ballistics
40:22 Gold Mining
40:51 Horse Collar
44:11 Imperial Age
45:25 Conscription
45:07 Bracer
45:37 Ring Archer Armor
46:48 Chemistry
46:08 Scale Barding Armor
45:57 Cavalier
49:13 Wheelbarrow
48:56 Kasbah
49:23 Chain Barding Armor
49:13 Forging
50:41 Plate Barding Armor
51:46 Iron Casting
51:05 Elite Camel Archer
56:15 Blast Furnace
56:07 Bow Saw
57:09 Light Cavalry
58:29 Gold Shaft Mining
61:27 Hussar
63:43 Heavy Plow
Diegazo
4:12 Loom
12:14 Feudal Age
15:06 Horse Collar
16:05 Forging
16:02 Double-Bit Axe
21:02 Scale Barding Armor
21:09 Bloodlines
27:11 Castle Age
26:14 Stone Mining
26:15 Gold Mining
28:20 Fletching
28:30 Padded Archer Armor
29:00 Bodkin Arrow
29:58 Ballistics
30:37 Leather Archer Armor
36:47 Thumb Ring
42:26 Wheelbarrow
45:37 Imperial Age
44:32 Stone Shaft Mining
44:58 Bow Saw
44:51 Heavy Plow
46:52 Conscription
47:37 Chemistry
46:42 Bracer
47:13 Ring Archer Armor
48:26 Elite Genoese Crossbowman
49:08 Elite Skirmisher
52:02 Elite Skirmisher
60:06 Scale Mail Armor
61:03 Crop Rotation
61:28 Chain Mail Armor
62:36 Iron Casting
69:25 Two-Man Saw
70:36 Plate Mail Armor
Comend x comend
4:26 Loom
13:09 Feudal Age
17:20 Castle Age
15:58 Champi Runner
16:35 Double-Bit Axe
25:39 Horse Collar
29:38 Town Watch
34:43 Wheelbarrow
36:16 Champi Warrior
Connection lost

Rejoining the realm…

Still unreachable

The connection could not be restored.

Session expired

The server has moved on; the page needs a fresh start.